 Dungeon Crawl Stone Soup version 0.25.0-11-g1f837a76a1 (webtiles) character file.

Game seed: 10353261855010091615

2488 Apogee the Cleaver (level 9, -16/82 HPs)
             Began as a Hill Orc Abyssal Knight on June 24, 2020.
             Was a Priest of Lugonu.
             Demolished by a death yak (19 damage)
             ... on level 8 of the Dungeon.
             The game lasted 00:14:20 (10443 turns).

Apogee the Cleaver (Hill Orc Abyssal Knight)       Turns: 10443, Time: 00:14:20

Health: -16/82     AC: 11    Str: 18    XL:     9   Next: 52%
Magic:  10/10      EV:  7    Int: 12    God:    Lugonu [***...]
Gold:   348        SH:  0    Dex: 10    Spells: 8/8 levels left

rFire    . . .     SeeInvis .   a - +1 hand axe
rCold    . . .     Gourm    .   (no shield)
rNeg     . . .     Faith    .   r - +0 chain mail
rPois    .         Spirit   .   (no helmet)
rElec    .         Reflect  .   (no cloak)
rCorr    +         Harm     .   (no gloves)
MR       +....                  G - +0 pair of boots
Stlth    ..........             (no amulet)
HPRegen  0.23/turn              l - ring of resist corrosion
MPRegen  0.12/turn              (no ring)

@: no status effects
A: icy blue scales 1, magic resistance 1
a: Depart the Abyss, Bend Space, Banish, Renounce Religion


You were on level 8 of the Dungeon.
You worshipped Lugonu.
Lugonu was most pleased with you.
You were hungry.

You visited 2 branches of the dungeon, and saw 10 of its levels.
You visited the Abyss 1 time.

You collected 348 gold pieces.

Inventory:

Hand Weapons
 a - a +1 hand axe (weapon)
 y - a +0 vorpal hand axe
 z - a +0 war axe
Missiles
 i - 8 javelins
 m - 239 stones
 q - 9 poisoned darts
 F - 4 atropa-tipped darts (quivered)
Armour
 b - a +0 leather armour
 k - a +0 scale mail
 r - a +0 chain mail (worn)
 G - a +0 pair of boots (worn)
Jewellery
 d - an uncursed amulet of the acrobat {unknown}
 f - an uncursed amulet of magic regeneration {unknown}
 l - a ring of resist corrosion (left hand)
 x - a +6 ring of strength {unknown}
 B - an uncursed ring of see invisible {unknown}
Wands
 o - a wand of random effects (24)
 p - a wand of iceblast (14)
 C - a wand of polymorph (10)
 D - a wand of disintegration (8)
 H - a wand of flame (23)
Scrolls
 e - 7 scrolls of remove curse
 g - 9 scrolls of identify
 h - a scroll of immolation
 j - 3 scrolls of fear
 w - a scroll of fog
 E - a scroll of blinking
 J - 2 scrolls of teleportation
Potions
 n - 2 potions of brilliance
 s - 2 potions of heal wounds
 t - 5 potions of curing
 u - 2 potions of lignification
 v - a potion of flight
 A - a potion of stabbing
 I - a potion of haste
Comestibles
 c - 9 rations


   Skills:
 + Level 8.4 Fighting
 + Level 13.7 Axes
 - Level 2.1 Armour
 - Level 0.7 Dodging
 - Level 2.4 Invocations


You had 8 spell levels left.
You didn't know any spells.
Your spell library contained the following spells:

 Spells                   Type           Power        Failure   Level  Hunger
 Animate Skeleton         Necr           N/A          99%         1    ##.....
 Apportation              Tloc           #.....       99%         1    ##.....
 Beastly Appendage        Tmut           #.....       99%         1    ##.....
 Corona                   Hex            #......      99%         1    ##.....
 Summon Small Mammal      Summ           #...         99%         1    ##.....
 Sticks to Snakes         Tmut           #.......     100%        2    ###....
 Spider Form              Tmut/Pois      #.........   100%        3    ####...
 Ice Form                 Ice/Tmut       #.......     100%        4    #####..
 Blade Hands              Tmut           #.........   100%        5    ######.


Dungeon Overview and Level Annotations

Branches:
Dungeon (9/15)             Temple (1/1) D:5
   Lair: D:8-11         Orc: D:9-12

Altars:
Ashenzari
Cheibriados
Gozag
Hepliaklqana
Makhleb
Okawaru
Qazlal
Sif Muna
Wu Jian
Yredelemnul

Shops:
D:6 *

Annotations:
D:8 1 runed translucent door, Esekla's ghost, novice OpSk


Innate Abilities, Weirdness & Mutations

You are partially covered in icy blue scales. (AC +2)
You are resistant to hostile enchantments. (MR+)


Message History

The death yak gores you!!
* * * LOW HITPOINT WARNING * * *
Throwing (i - inventory. (/) - cycle)
F - 6 atropa-tipped darts (quivered)
Press: ? - help, Shift-Dir - straight line, f/p - death yak
Aim: a death yak (heavily wounded, poisoned, chance to blind on hit: 3%)
You throw an atropa-tipped dart.
The atropa-tipped dart hits the death yak.
The death yak resists.
The death yak is heavily wounded.
The death yak gores you.
* * * LOW HITPOINT WARNING * * *
Throwing (i - inventory. (/) - cycle)
F - 5 atropa-tipped darts (quivered)
Press: ? - help, Shift-Dir - straight line, f/p - death yak
Aim: a death yak (severely wounded, poisoned, chance to blind on hit: 3%)
You throw an atropa-tipped dart.
The atropa-tipped dart hits the death yak.
The death yak resists.
The death yak is severely wounded.
The death yak gores you!!
You die...

...# #.# #.# #8...8# #.#
...# #.# #.##### ##_## #.#
...###
#.#####.....##########.#
#....#
#.......####..#........#
####.#
###.##.#####.......#####
...#.# #................#
##.#.#########.#####.......#
.....##...# #.#####.##...##
##........# #(Y@....######
##.#.##...# #########
.....###<## #.##.###.####
#.#....รท....####
....###.###....#
....#8#.#8#.##.#
....#.#.#.#.##.#
....#.....#..#.#


You could see a death yak (poisoned).

Vanquished Creatures
  4 hogs (D:7)
  3 humans
  A sky beast (D:5)
  2 ogres
  A centaur (D:8)
  A bullfrog (D:6)
  3 scorpions
  A vampire bat (D:8)
  2 electric eels (D:6)
  3 howler monkeys
  2 crimson imps
  2 hounds (D:5)
  A jelly (D:6)
  A gnoll shaman (D:5)
  An orc priest (D:7)
  A centaur skeleton (D:7)
  4 orc wizards
  3 worker ants
  2 hound skeletons
  9 gnolls
  9 adders
  A shadow imp (D:7)
  An ooze (D:1)
  An adder skeleton (D:4)
  An adder zombie (D:7)
  3 worms
  6 leopard geckos
  17 orcs
  3 ball pythons
  14 bats
  3 giant cockroaches
  3 goblins (D:2)
  5 hobgoblins
  10 quokkas
  5 frilled lizards
  6 kobolds
  6 rats
141 creatures vanquished.

Vanquished Creatures (others)
  An orc wizard (D:3)
  An orc (D:3)
2 creatures vanquished.

Grand Total: 143 creatures vanquished

Notes
Turn   | Place    | Note
-------+----------+-------------------------------------------
     0 | Abyss:1  | Apogee the Hill Orc Abyssal Knight began the quest for the
                  | Orb.
     0 | Abyss:1  | Reached XP level 1. HP: 19/19 MP: 2/2
    16 | D:1      | Escaped the Abyss
   206 | D:1      | Reached skill level 3 in Axes
   414 | D:1      | Reached XP level 2. HP: 24/26 MP: 3/3
   623 | D:1      | Reached skill level 4 in Axes
  1174 | D:1      | Reached XP level 3. HP: 31/31 MP: 4/4
  1573 | D:2      | Reached ** piety under Lugonu
  1678 | D:2      | Reached skill level 5 in Axes
  1831 | D:2      | Found a basalt altar of Yredelemnul.
  1897 | D:2      | Reached XP level 4. HP: 30/39 MP: 5/5
  2102 | D:2      | Reached skill level 6 in Axes
  3369 | D:4      | Reached skill level 7 in Axes
  3369 | D:4      | Reached XP level 5. HP: 36/46 MP: 6/6
  4312 | D:4      | Reached XP level 6. HP: 52/52 MP: 7/7
  4522 | D:4      | Gained mutation: You are resistant to hostile enchantments.
                  | (MR+) [potion of mutation]
  4522 | D:4      | Gained mutation: You are partially covered in icy blue
                  | scales. (AC +2) [potion of mutation]
  4593 | D:5      | Entered Level 5 of the Dungeon
  4593 | D:5      | Found a staircase to the Ecumenical Temple.
  4604 | D:5      | Reached skill level 8 in Axes
  4616 | Temple   | Entered the Ecumenical Temple
  4758 | D:5      | Noticed a sky beast
  4806 | D:5      | Killed a sky beast
  4806 | D:5      | Reached skill level 9 in Axes
  5132 | D:5      | Reached XP level 7. HP: 30/59 MP: 8/8
  5694 | D:5      | Found a shattered altar of Ashenzari.
  5807 | D:6      | Reached skill level 10 in Axes
  5937 | D:6      | Reached *** piety under Lugonu
  6225 | D:6      | Found a stormy altar of Qazlal.
  6279 | D:6      | Reached skill level 5 in Fighting
  6647 | D:6      | Reached skill level 11 in Axes
  6647 | D:6      | Reached XP level 8. HP: 62/68 MP: 9/9
  6722 | D:6      | Found an ornate altar of the Wu Jian Council.
  6914 | D:6      | Found an opulent altar of Gozag.
  7256 | D:6      | Found Dunoin's General Store.
  7424 | D:7      | HP: 3/69 [ogre/+0 giant club (6)]
  8921 | D:7      | Reached skill level 12 in Axes
  8946 | D:7      | Reached XP level 9. HP: 25/79 MP: 10/10
  8947 | D:7      | Reached skill level 13 in Axes
  9278 | D:7      | Found a shimmering blue altar of Sif Muna.
  9412 | D:8      | Found an iron altar of Okawaru.
  9732 | D:8      | Found a burning altar of Makhleb.
  9740 | D:8      | Found a snail-covered altar of Cheibriados.
  9777 | D:8      | Found a shattered altar of Ashenzari.
  9828 | D:8      | Found a hazy altar of Hepliaklqana.
 10119 | D:8      | Found a runed translucent door.
 10120 | D:8      | Noticed Esekla's ghost (novice OpSk)
 10318 | D:9      | Noticed a death yak
 10402 | D:9      | Noticed a death yak
 10406 | D:9      | Noticed a death yak
 10442 | D:8      | HP: 2/82 [death yak (5)]
 10443 | D:8      | Demolished by a death yak

Illustrated notes

Levels and vault maps discovered:
D:1:      dpeg_arrival_three_bigger_balls, layout_loops_corners,
          minmay_pentomino_s2
D:2:      layout_basic, nicolae_overflow_crystal_walls, first_ration
D:3:      layout_loops_ring, minmay_misc_feat_tower, lemuel_old_faithful
D:4:      layout_basic
D:5:      layout_cave_pools, minmay_temple_entry_trees, basic_altar,
          grunt_ministairs_1
D:6:      layout_basic, lemuel_crystal_altar, kennysheep_mini_moat,
          nicolae_qazlal_general_emergency, serial_shops,
          nicolae_shop_temple_entry_statues_fountains, minivault_4,
          kennysheep_path_1, hangedman_abyss_or_decor_passed
D:7:      layout_basic, kennysheep_mini, grunt_livestock
D:8:      layout_loops_cross, okawaru_humans, nicolae_overflow_hidden_temple,
          basic_altar, gammafunk_ghost_grave, roderic_batcave
D:9:      layout_layer_cave, elyvilon_altar_1, kennysheep_little_box,
          gammafunk_temple_overflow_elements, dpeg_lair_monsters
Temple:   jpeg_temple_island

Skill      XL: |  1  2  3  4  5  6  7  8  9 |
---------------+----------------------------+-----
Axes           | 3 4 5 7 9 11 12 13 | 13.7
Fighting       | 4 5 7 8 |  8.4
Armour         | |  2.1
Dodging        | |  0.7
Invocations    | |  2.4

Action                   |  1- 3 |  4- 6 |  7- 9 || total
-------------------------+-------+-------+-------++-------
Melee: Hand axe          |   102 |   189 |   418 ||   709
Throw: Dart              |       |    12 |    27 ||    39
       Throwing net      |       |     1 |       ||     1
       Javelin           |       |       |     5 ||     5
Invok: Bend Space        |       |     1 |       ||     1
  Use: Scroll            |       |    10 |     1 ||    11
       Potion            |       |    14 |     2 ||    16
 Stab: Invisible         |       |       |     1 ||     1
  Eat: Chunk             |     3 |     6 |    10 ||    19
       Ration            |       |     1 |     2 ||     3
Armor: Leather armour    |    10 |       |       ||    10
       Scale mail        |    46 |    37 |       ||    83
       Chain mail        |       |    54 |   170 ||   224
       Skin              |       |     4 |       ||     4
Dodge: Dodged            |    65 |    62 |   102 ||   229
